 Dungeon Crawl Stone Soup version 0.26.0-45-g9c1d065592 (webtiles) character file.

Game seed: 4912211944168306309

51 trckry the Bolt Thrower (level 3, -1/21 HPs)
             Began as a Tengu Hunter on Jan 31, 2021.
             Slain by a worm (11 damage)
             ... on level 2 of the Dungeon.
             The game lasted 00:02:15 (1606 turns).

trckry the Bolt Thrower (Tengu Hunter)              Turns: 1606, Time: 00:02:16

Health: -1/21      AC:  4    Str: 13    XL:     3   Next: 81%
Magic:  4/4        EV: 12    Int: 11    God:
Gold:   55         SH:  0    Dex: 14    Spells: 2/2 levels left

rFire    . . .     SeeInvis .   b - +0 short sword
rCold    . . .     Faith    .   (no shield)
rNeg     . . .     Spirit   .   c - +0 leather armour
rPois    .         Reflect  .   (helmet restricted)
rElec    .         Harm     .   (no cloak)
rCorr    .         Rampage  .   n - +0 pair of gloves
Will     .....                  (boots unavailable)
Stlth    +.........             (no amulet)
HPRegen  0.07/turn              (no ring)
MPRegen  0.09/turn              (no ring)

@: no status effects
A: beak, talons 3
a: no special abilities


You were on level 2 of the Dungeon.
You visited 1 branch of the dungeon, and saw 2 of its levels.

You collected 55 gold pieces.

Inventory:

Hand Weapons
 a - a +1 hand crossbow
 b - a +0 short sword (weapon)
Missiles
 d - 25 bolts
 f - 25 poisoned darts (quivered)
Armour
 c - a +0 leather armour (worn)
 n - a +0 pair of gloves (worn)
Jewellery
 j - an uncursed ring of ice
Scrolls
 e - 2 scrolls of teleportation {unknown}
 h - a scroll of remove curse {unknown}
 i - a scroll of identify {unknown}
 k - 2 scrolls of random uselessness {unknown}
 l - a scroll of magic mapping {unknown}
Potions
 g - a potion of might {unknown}
 m - a potion of brilliance {unknown}


   Skills:
 + Level 2.2 Fighting
 + Level 1.0 Staves
 * Level 4.9 Crossbows
 + Level 1.0 Armour
 + Level 2.4 Dodging
 - Level 1.0 Stealth
 + Level 0.8 Invocations
 + Level 0.8 Evocations


You had 2 spell levels left.
You didn't know any spells.
Your spell library was empty.

Dungeon Overview and Level Annotations

Branches:
Dungeon (2/15)

Altars:


Innate Abilities, Weirdness & Mutations

You have a beak for a mouth.
You have claws for feet.


Message History

You hit the worm. You claw the worm.
The worm is almost dead.
The worm closely misses you. The ball python barely misses you.
The ball python grabs you. The ball python constricts you.
You hit the worm but do no damage. You claw the worm, but do no damage.
You peck the worm.
The worm is almost dead.
The ball python bites you. The ball python constricts you. The worm bites you.
You hit the worm.
The worm is almost dead.
The ball python barely misses you. The ball python constricts you.
You escape the ball python's grasp.
The ball python barely misses you. The ball python grabs you.
The ball python constricts you.
You hit the ball python. You claw the ball python.
You kill the ball python!
Your Armour skill increases to level 1!
The worm bites you!
Ouch! That really hurt!
You die...

###################
#.@.....#.......#..
###w#####.#.#####.#.#
#..r#...#.#.#...#.#.#
#..)#.#...#.#.#...#.#
.........†#.#####.#.#####.#
###.......#.......#....†..#
#......##################
#....... #$.....#..


You could see a worm and a rat.

Vanquished Creatures
  2 adders (D:2)
  A worm (D:2)
  2 dart slugs (D:1)
  2 leopard geckos (D:1)
  A ball python (D:2)
  4 bats
  A giant cockroach (D:1)
  A hobgoblin (D:1)
  5 frilled lizards
  2 goblins
  8 rats
29 creatures vanquished.

Notes
Turn   | Place    | Note
-------+----------+-------------------------------------------
     0 | D:1      | trckry the Tengu Hunter began the quest for the Orb.
     0 | D:1      | Reached XP level 1. HP: 12/12 MP: 2/2
    92 | D:1      | Reached XP level 2. HP: 3/17 MP: 3/3
  1043 | D:2      | Reached XP level 3. HP: 21/21 MP: 4/4
  1421 | D:2      | Reached skill level 1 in Staves
  1606 | D:2      | Reached skill level 1 in Armour
  1606 | D:2      | Slain by a worm

Illustrated notes

Levels and vault maps discovered:
D:1:      amcnicky_arrival_single_pillar, layout_loops_ring
D:2:      layout_basic, patterned_corridor, uniq_jessica

Skill      XL: |  1  2  3 |
---------------+----------+-----
Staves         | 1 |  1.0
Armour         | 1 |  1.0
Fighting       | |  2.2
Crossbows      | |  4.9
Dodging        | |  2.4
Stealth        | |  1.0
Invocations    | |  0.8
Evocations     | |  0.8

Action                   || total
-------------------------++-------
Melee: Short sword       ||    62
       Kick              ||    16
       Peck              ||     6
 Fire: Hand crossbow     ||     5
 Stab: Sleeping          ||     3
Armor: Leather armour    ||    17
Dodge: Dodged            ||    36
